 Dungeon Crawl Stone Soup version 0.21.1-1-g345015fe64 (webtiles) character file.

133 acredodentem the Grave Robber (level 4, 0/30 HPs)
             Began as a Mummy Necromancer on June 27, 2018.
             Was an Initiate of Vehumet.
             Slain by Edmund
             ... wielding a +4 flail of holy wrath
              (8 damage)
             ... on level 4 of the Dungeon.
             The game lasted 00:26:37 (3857 turns).

acredodentem the Grave Robber (Mummy Necromancer)   Turns: 3857, Time: 00:26:37

Health: 0/30       AC:  2    Str: 11    XL:     4   Next: 93%
Magic:  0/10       EV: 12    Int: 15    God:    Vehumet [......]
Gold:   197        SH:  0    Dex: 12    Spells: 3/12 levels left

rFire    x . .     SeeInvis .   u - +1 hand axe (drain)
rCold    + . .     Gourm    .   (no shield)
rNeg     + + +     Faith    .   a - +0 robe
rPois    ∞         Spirit   .   (no helmet)
rElec    .         Reflect  .   (no cloak)
rCorr    .         Harm     .   (no gloves)
MR       .....                  (no boots)
Stlth    ++........             (no amulet)
HPRegen  0.10/turn              (no ring)
MPRegen  0.12/turn              (no ring)

@: no status effects
A: no food or potions, fire vulnerability, cold resistance 1, negative energy
resistance 3, torment resistance, unbreathing
a: Renounce Religion


You were on level 4 of the Dungeon.
You worshipped Vehumet.
Vehumet was noncommittal.
You were not hungry.

You visited 1 branch of the dungeon, and saw 4 of its levels.

You collected 197 gold pieces.

Inventory:

Hand Weapons
 c - a +0 club
 q - a +1 hand axe of freezing
 u - a +1 hand axe of draining (weapon)
Missiles
 j - 3 tomahawks (quivered)
 k - 27 sling bullets
 s - 42 arrows
Armour
 a - a +0 robe (worn)
 m - a +0 shield
 r - a +0 buckler
Jewellery
 d - an uncursed ring of magical power {unknown}
 h - an uncursed ring of protection from cold {unknown}
Scrolls
 e - a scroll of enchant weapon {unknown}
 g - 3 scrolls of remove curse {unknown}
 l - a scroll of fear {unknown}
 n - 2 scrolls of identify {unknown}
 o - 2 scrolls of teleportation {unknown}
 p - 2 scrolls of magic mapping {unknown}
 t - a scroll of blinking {unknown}
Potions
 f - 2 potions of degeneration {unknown}
 i - a potion of berserk rage
Books
 b - a book of Necromancy

   Spells                             Type                      Level
   a - Pain                           Necromancy                   1
   b - Animate Skeleton               Necromancy                   1
   c - Vampiric Draining              Necromancy                   3
   d - Regeneration                   Charms/Necromancy            3
   e - Animate Dead                   Necromancy                   4
   f - Borgnjor's Vile Clutch         Necromancy/Earth             5


   Skills:
 + Level 0.1 Fighting
 + Level 1.6 Dodging
 + Level 1.9 Stealth
 * Level 0.5 Shields
 + Level 4.5 Spellcasting
 + Level 5.1 Necromancy


You had 3 spell levels left.
You knew the following spells:

 Your Spells              Type           Power        Failure   Level  Hunger
a - Pain                  Necr           ###.         1%          1    N/A
b - Animate Skeleton      Necr           N/A          1%          1    N/A
c - Vampiric Draining     Necr           ###.......   6%          3    N/A
d - Animate Dead          Necr           N/A          21%         4    N/A

Dungeon Overview and Level Annotations

Branches:
Dungeon (4/15)
 Temple: D:4-7

Altars:
Vehumet

Annotations:
D:3 2 transporters
D:4 Edmund


Innate Abilities, Weirdness & Mutations

You do not eat or drink.
Your flesh is vulnerable to fire.
You are immune to poison.
Your flesh is cold resistant. (rC+)
You are immune to negative energy. (rN+++)
You are immune to unholy pain and torment.
You can survive without breathing.


Message History

Aiming: Vampiric Draining
Press: ? - help, Shift-Dir - straight line, f/p - Edmund
Aim: Edmund, wielding a flail of holy wrath and wearing a glowing chain mail (heavily wounded, slow) Edmund is severely wounded.
You feel life coursing into your body.
The orc barely misses your orc skeleton.
Your orc skeleton hits Edmund but does no damage.
Casting: Vampiric Draining
Confirm with . or Enter, or press ? or * to list all spells.
You don't have enough magic to cast that spell.
Unknown command.
Casting: Vampiric Draining
Confirm with . or Enter, or press ? or * to list all spells.
Aiming: Pain
Press: ? - help, Shift-Dir - straight line, f/p - Edmund
Aim: Edmund, wielding a flail of holy wrath and wearing a glowing chain mail (severely wounded, slow, chance to defeat MR: 78%) Edmund resists with some effort.
The orc barely misses your orc skeleton.
Edmund hits you with a flail of holy wrath!
You die...

@... #..# ...
##.# .. #.## .
#..# ##.## #oO#
#####Z# #....@#
#.###@##
#.#.#[.#
#......##
+.#####...#
#...[.)..# ..
#.#####).#.####
...
#.#...<.......+
....
#.#.#####..####
....##. ....#


You could see Edmund, an ogre, an orc and a friendly orc skeleton.

Vanquished Creatures
  An orc wizard (D:4)
  3 adders
  A worm (D:4)
  2 dart slugs (D:1)
  3 leopard geckos
  8 orcs
  6 goblins
  4 hobgoblins
  4 jackals (D:2)
  A ball python (D:1)
  9 bats
  4 frilled lizards
  3 giant cockroaches
  A kobold (D:2)
  A quokka skeleton (D:4)
  10 rats
61 creatures vanquished.

Vanquished Creatures (collateral kills)
  A giant cockroach (D:1)
1 creature vanquished.

Grand Total: 62 creatures vanquished

Notes
Turn   | Place    | Note
-------+----------+-------------------------------------------
     0 | D:1      | acredodentem the Mummy Necromancer began the quest for the Orb.
     0 | D:1      | Reached XP level 1. HP: 13/13 MP: 4/4
     2 | D:1      | Learned a level 1 spell: Animate Skeleton
   383 | D:1      | Reached XP level 2. HP: 19/19 MP: 0/6
  1340 | D:1      | Reached XP level 3. HP: 24/24 MP: 5/8
  1347 | D:1      | Learned a level 3 spell: Vampiric Draining
  1710 | D:2      | Found a radiant altar of Vehumet.
  1772 | D:2      | Became a worshipper of Vehumet
  2580 | D:3      | Reached XP level 4. HP: 29/30 MP: 0/9
  2586 | D:3      | Learned a level 4 spell: Animate Dead
  2893 | D:3      | Found a transporter.
  2940 | D:3      | Found a transporter.
  2957 | D:3      | You fall through a shaft!
  3402 | D:4      | Reached skill level 5 in Necromancy
  3611 | D:4      | Noticed Edmund
  3854 | D:4      | Noticed an ogre
  3857 | D:4      | Slain by Edmund

Skill      XL: |  1  2  3  4 |
---------------+-------------+-----
Spellcasting   | 3 4 |  4.5
Necromancy     | 5 |  5.1
Fighting       | |  0.1
Dodging        | |  1.6
Stealth        | |  1.9
Shields        | |  0.5

Action                   |  1- 3 |  4- 6 || total
-------------------------+-------+-------++-------
Melee: Club              |    14 |       ||    14
       Hand axe          |     1 |     6 ||     7
 Cast: Pain              |    72 |    53 ||   125
       Animate Skeleton  |    15 |     2 ||    17
       Vampiric Draining |     1 |     2 ||     3
       Animate Dead      |       |     2 ||     2
Armor: Robe              |     8 |     4 ||    12
Dodge: Dodged            |    29 |    13 ||    42
